[Event "Titled Tuesday Blitz February 22 Early 2022"]
[White "Kalajzic, Ivan"]
[Black "Goltsev, Dmitry"]
[WhiteFideId "14506378"]
[BlackFideId "24176710"]
[WhiteElo "2163"]
[BlackElo "2273"]
[Result "0-1"]
[Round "01"]
[TimeControl "180+1"]
[Date "2022.02.22"]
[WhiteClock "0:00:20"]
[BlackClock "0:01:06"]

1. b3 b6 2. Bb2 Bb7 3. e3 Nf6 4. Nf3 e6 5. c4 c5 6. Nc3 Nc6 7. Be2 Be7 8. O-O O-O 9. d4 d5 10. cxd5 exd5 11. dxc5 bxc5 12. Na4 Bd6 13. Rc1 Ne4 14. g3 Ne7 15. Nd2 Rc8 16. Nxe4 dxe4 17. Bc4 Qd7 18. Be5 Rfd8 19. Bxd6 Qxd6 20. Qxd6 Rxd6 21. Rfd1 Rxd1+ 22. Rxd1 Kf8 23. Rd7 Bc6 24. Rxa7 Be8 25. Ra5 Rd8 26. Rxc5 Rd2 27. b4 Bxa4 28. b5 Rb2 29. Kg2 g6 30. g4 f5 31. gxf5 Nxf5 32. Rc8+ Ke7 33. Rc7+ Kf6 34. Kf1 Bxb5 35. Bxb5 Rxb5 36. Rxh7 Ra5 37. h4 Rxa2 38. h5 Ra1+ 39. Kg2 Ra2 40. h6 Nxe3+ 41. Kg3 Nf5+ 42. Kf4 Rxf2+ 43. Kxe4 Rh2 44. Ra7 Rxh6 45. Kf4 Rh4+ 46. Kf3 Rd4 47. Kg2 Kg5 48. Kh3 Rd3+ 49. Kg2 Kg4 50. Ra4+ Nd4 51. Kh2 g5 52. Kh1 Rd2 53. Kg1 Kg3 54. Ra3+ Nf3+ 55. Kf1 Rf2# 0-1


[Site "https://www.chess.com"]

[Event "Titled Tuesday Blitz February 22 Early 2022"]
[White "Karavaeva, Olga"]
[Black "Mustafayev, Farid"]
[WhiteFideId "4124111"]
[BlackFideId "13408771"]
[WhiteElo "2105"]
[BlackElo "2129"]
[Result "1-0"]
[Round "01"]
[TimeControl "180+1"]
[Date "2022.02.22"]
[WhiteClock "0:00:41"]
[BlackClock "0:00:20"]

1. c4 Nf6 2. Nc3 d6 3. g3 g6 4. Bg2 Bg7 5. Nf3 O-O 6. O-O c5 7. d4 cxd4 8. Nxd4 a6 9. b3 e5 10. Nf3 Nc6 11. Bb2 h6 12. h3 Be6 13. Kh2 Rb8 14. Qd2 b5 15. cxb5 axb5 16. Rac1 Qd7 17. Rfd1 Rfd8 18. e3 d5 19. Ne2 Ne4 20. Qe1 Ra8 21. Ra1 f5 22. Nc3 Qb7 23. Nh4 Kh7 24. Nxe4 dxe4 25. Bf1 g5 26. Ng2 Rxd1 27. Qxd1 Rd8 28. Qe1 Ra8 29. Be2 Ne7 30. Qb4 Rb8 31. Qd6 Bf7 32. Bxe5 Rc8 33. Bxg7 Kxg7 34. h4 b4 35. Rd1 Ng6 36. Bh5 Rc2 37. Bxg6 Bxg6 38. Qe5+ Kh7 39. Qe6 Qf7 40. Rd7 1-0


[Site "https://www.chess.com"]

[Event "Titled Tuesday Blitz February 22 Early 2022"]
[White "Kazancev, Valerij M"]
[Black "Van Foreest, Jorden"]
[WhiteFideId "4179609"]
[BlackFideId "1039784"]
[WhiteElo "2462"]
[BlackElo "2609"]
[Result "0-1"]
[Round "01"]
[TimeControl "180+1"]
[Date "2022.02.22"]
[WhiteClock "0:01:12"]
[BlackClock "0:02:15"]

1. c4 Nf6 2. g3 e5 3. Bg2 c6 4. Nf3 e4 5. Nd4 Bc5 6. Nb3 Bb6 7. d4 d5 8. cxd5 cxd5 9. Nc3 h6 10. h3 Nc6 11. Be3 O-O 12. Rc1 Re8 13. O-O a6 14. Na4 Bc7 15. a3 Bd6 16. Qd2 Ne7 17. Bf4 Bxf4 18. Qxf4 Ng6 19. Qc7 Be6 20. Qxd8 Rexd8 21. Nbc5 Rab8 22. Nb6 Rd6 23. Nba4 Bc8 24. b4 b6 25. Nb3 Bd7 26. Nc3 h5 27. e3 h4 28. g4 Nh7 29. Rc2 Ng5 30. Rfc1 f5 31. gxf5 Bxf5 32. b5 axb5 33. Nxb5 Rf6 34. Kh2 Rbf8 35. Nc7 Ne7 36. a4 Bd7 37. Nb5 Rxf2 38. Rxf2 Rxf2 39. Kg1 Rb2 40. Rc3 Bxh3 0-1


[Site "https://www.chess.com"]

[Event "Titled Tuesday Blitz February 22 Early 2022"]
[White "Khamzin, Olzhas"]
[Black "Piliczewski, Bogusz"]
[WhiteFideId "13701690"]
[BlackFideId "1104144"]
[WhiteElo "2194"]
[BlackElo "1896"]
[Result "1-0"]
[Round "01"]
[TimeControl "180+1"]
[Date "2022.02.22"]
[WhiteClock "0:00:29"]
[BlackClock "0:00:03"]

1. d4 d5 2. Nc3 Nf6 3. Bg5 Ne4 4. Nxe4 dxe4 5. c3 Bf5 6. e3 c6 7. Bc4 Qb6 8. Qb1 Nd7 9. b4 e6 10. Ne2 Bd6 11. Ng3 Bxg3 12. hxg3 O-O 13. a4 a5 14. b5 c5 15. g4 Bg6 16. Bf4 Rac8 17. Qb3 Kh8 18. Rc1 Rfe8 19. g5 Re7 20. Be5 Nxe5 21. dxe5 Rd8 22. O-O Qc7 23. Rcd1 Red7 24. b6 Qxe5 25. Bb5 Rd5 26. Bc4 R5d6 27. Rxd6 Qxd6 28. Qb5 Qe7 29. Qxa5 Qxg5 30. Qb5 Qe7 31. a5 Qe8 32. Qxc5 Rc8 33. Qb4 f5 34. Rd1 Bf7 35. a6 bxa6 36. b7 Rb8 37. Bxa6 e5 38. Rd6 Qe7 39. Qb6 1-0


[Site "https://www.chess.com"]

[Event "Titled Tuesday Blitz February 22 Early 2022"]
[White "Kim, Sergey"]
[Black "Shevtchenko, Olesya"]
[WhiteFideId "13700570"]
[BlackFideId "24131890"]
[WhiteElo "2620"]
[BlackElo "2003"]
[Result "1-0"]
[Round "01"]
[TimeControl "180+1"]
[Date "2022.02.22"]
[WhiteClock "0:01:25"]
[BlackClock "0:01:36"]

1. d4 d5 2. c4 e6 3. Nc3 Nf6 4. Nf3 c5 5. e3 Nc6 6. a3 cxd4 7. exd4 g6 8. c5 Ne4 9. Bb5 Bg7 10. O-O Bd7 11. Ne2 O-O 12. b4 b6 13. Qa4 Rc8 14. Bxc6 Bxc6 15. b5 Be8 16. c6 Ra8 17. Bf4 a6 18. bxa6 Qc8 19. Rfc1 Rxa6 20. Qb5 f5 21. h4 Rf7 22. a4 Rfa7 23. Ng3 Bf8 24. Nxe4 fxe4 25. Ne5 Bd6 26. Bg3 Rc7 27. Rc3 Bxe5 28. Bxe5 Rxc6 29. Rxc6 Bxc6 30. Qb4 Qd7 31. a5 bxa5 32. Qb8+ Qe8 33. Qc7 a4 34. Qg7# 1-0


[Site "https://www.chess.com"]

[Event "Titled Tuesday Blitz February 22 Early 2022"]
[White "Kiolbasa, Oliwia"]
[Black "Narayanan.S.L"]
[WhiteFideId "1154613"]
[BlackFideId "5058422"]
[WhiteElo "2190"]
[BlackElo "2494"]
[Result "0-1"]
[Round "01"]
[TimeControl "180+1"]
[Date "2022.02.22"]
[WhiteClock "0:00:46"]
[BlackClock "0:01:24"]

1. e4 c6 2. d4 d5 3. e5 c5 4. dxc5 Nc6 5. f4 e6 6. Be3 d4 7. Bf2 Bxc5 8. Nf3 Nge7 9. Bd3 Nd5 10. g3 b6 11. Nbd2 Bb7 12. O-O Ne3 13. Qe2 Nxf1 14. Rxf1 h6 15. Ne4 Be7 16. Rd1 Qc7 17. Bb5 O-O-O 18. Nxd4 Nxd4 19. Bxd4 Kb8 20. c3 Rd5 21. Bc4 Rdd8 22. a4 Bxe4 0-1


[Site "https://www.chess.com"]

[Event "Titled Tuesday Blitz February 22 Early 2022"]
[White "Kirillov, Dmitry"]
[Black "Lenderman, Aleksandr"]
[WhiteFideId "34180572"]
[BlackFideId "2021285"]
[WhiteElo "2076"]
[BlackElo "2651"]
[Result "0-1"]
[Round "01"]
[TimeControl "180+1"]
[Date "2022.02.22"]
[WhiteClock "0:00:32"]
[BlackClock "0:01:22"]

1. d4 d5 2. c4 e6 3. Nf3 a6 4. e3 Nf6 5. Nc3 dxc4 6. Bxc4 b5 7. Bd3 Bb7 8. O-O Nbd7 9. e4 b4 10. e5 bxc3 11. exf6 cxb2 12. fxg7 Bxg7 13. Bxb2 O-O 14. Rc1 Bd5 15. Qc2 Bxf3 16. Bxh7+ Kh8 17. gxf3 Rb8 18. Be4 Rb5 19. Bc3 Qh4 20. d5 Rg8 21. Kh1 exd5 22. Bf5 d4 23. Bxd7 Rh5 24. h3 Be5 0-1


[Site "https://www.chess.com"]

[Event "Titled Tuesday Blitz February 22 Early 2022"]
[White "Kislov, Oleg"]
[Black "Kaplan, Ebru"]
[WhiteFideId "13503774"]
[BlackFideId "6315194"]
[WhiteElo "2252"]
[BlackElo "1941"]
[Result "1-0"]
[Round "01"]
[TimeControl "180+1"]
[Date "2022.02.22"]
[WhiteClock "0:01:52"]
[BlackClock "0:02:03"]

1. e4 c5 2. Nf3 g6 3. c3 Nf6 4. e5 Nd5 5. d4 cxd4 6. cxd4 d6 7. Bc4 Nb6 8. Bb3 Bg7 9. Bf4 dxe5 10. Bxe5 O-O 11. Bxg7 Kxg7 12. Nc3 Bg4 13. d5 N8d7 14. Qd4+ Nf6 15. Ne5 Bd7 16. O-O Rc8 17. Rfe1 Be6 18. Rad1 Bf5 19. g4 Bd7 20. g5 1-0


[Site "https://www.chess.com"]

[Event "Titled Tuesday Blitz February 22 Early 2022"]
[White "Klukin, Kirill"]
[Black "Peatman, Carter"]
[WhiteFideId "24199273"]
[BlackFideId "2096480"]
[WhiteElo "2324"]
[BlackElo "2340"]
[Result "1-0"]
[Round "01"]
[TimeControl "180+1"]
[Date "2022.02.22"]
[WhiteClock "0:00:06"]
[BlackClock "0:00:16"]

1. e4 c5 2. Nf3 Nc6 3. c3 g6 4. d4 cxd4 5. cxd4 Bg7 6. Nc3 d6 7. Be3 Nf6 8. h3 O-O 9. Be2 Bd7 10. O-O Re8 11. Qd2 Qa5 12. Rfd1 Rad8 13. a3 Kh8 14. b4 Qc7 15. Rac1 Qb8 16. Qa2 Kg8 17. b5 Na5 18. e5 dxe5 19. dxe5 Be6 20. Qb1 Nd5 21. Nxd5 Bxd5 22. Qb4 b6 23. Nd4 Bxe5 24. Nc6 Nxc6 25. bxc6 Qc7 26. a4 Rd6 27. Bb5 Red8 28. Re1 Re6 29. Bg5 Kg7 30. Qh4 Bf6 31. Rxe6 Bxe6 32. Bxf6+ exf6 33. Qb4 h5 34. Qc3 Rd5 35. Be2 Rc5 36. Qb2 Qxc6 37. Rxc5 Qxc5 38. h4 Qd5 39. Bf3 Qc4 40. Qa3 Qxh4 41. a5 b5 42. Qc5 b4 43. Qxa7 b3 44. Qb6 Qa4 45. a6 Qa1+ 46. Kh2 Bf5 47. a7 b2 48. Qxb2 Qxa7 49. g3 Qc5 50. Kg2 Qc4 51. Qb7 Be6 52. Bc6 Qd4 53. Bf3 Qe5 54. Kg1 Qf5 55. Kg2 Qh3+ 56. Kg1 h4 57. Bg2 Qf5 58. gxh4 Qe5 59. Qb4 Qe1+ 60. Qxe1 Bf5 61. Qd2 1-0


[Site "https://www.chess.com"]

[Event "Titled Tuesday Blitz February 22 Early 2022"]
[White "Kobalia, Mikhail"]
[Black "Jiang, Brian"]
[WhiteFideId "4119150"]
[BlackFideId "2627922"]
[WhiteElo "2667"]
[BlackElo "2414"]
[Result "1-0"]
[Round "01"]
[TimeControl "180+1"]
[Date "2022.02.22"]
[WhiteClock "0:00:06"]
[BlackClock "0:00:07"]

1. e4 c5 2. Nf3 Nc6 3. Bb5 e6 4. Bxc6 bxc6 5. O-O Ne7 6. d3 Ng6 7. e5 Be7 8. Nbd2 f6 9. Nc4 O-O 10. Re1 Ba6 11. exf6 Bxf6 12. Rb1 Bxc4 13. dxc4 e5 14. Qd6 Be7 15. Qd3 d6 16. Bd2 Qc8 17. a3 Qg4 18. Re4 Nf4 19. Bxf4 Rxf4 20. Rxf4 Qxf4 21. Re1 Rf8 22. b4 cxb4 23. axb4 Rb8 24. c3 Kh8 25. h3 Rd8 26. Re4 Qf7 27. Kh2 Bf6 28. Re1 Qc7 29. Qf5 e4 30. Nd4 d5+ 31. Kg1 Bxd4 32. cxd4 Qb6 33. b5 cxb5 34. cxd5 b4 35. Rxe4 b3 36. Qf7 h6 37. Re7 Qxd4 38. Rb7 b2 39. d6 Rg8 40. Qb3 Qxd6 41. Qxb2 a5 42. g3 Qg6 43. Rb6 Qh5 44. Rb5 Qg6 45. Kg2 Re8 46. Rxa5 Qe4+ 47. Kh2 Qe2 48. Ra2 Qxb2 49. Rxb2 Rf8 50. Kg2 Kh7 51. g4 Rf6 52. Kg3 Ra6 53. h4 Ra5 54. f3 Ra4 55. h5 Kg8 56. Rb7 Kf8 57. f4 Ra5 58. Kh4 Rc5 59. g5 hxg5+ 60. fxg5 Rc4+ 61. Kg3 Rc5 62. Kg4 Ra5 63. Rc7 Kg8 64. Rc8+ Kf7 65. g6+ Kf6 66. Rf8+ Ke6 67. h6 Ra4+ 68. Kh5 Ra5+ 69. Kh4 Ra4+ 70. Kg3 Ra3+ 71. Kf2 Ra2+ 72. Ke3 gxh6 73. g7 Ra3+ 74. Kd4 Ra4+ 75. Kc5 Rg4 76. g8=Q+ Rxg8 77. Rxg8 1-0


[Site "https://www.chess.com"]

[Event "Titled Tuesday Blitz February 22 Early 2022"]
[White "Kobo, Ori"]
[Black "Krylov, Ivan"]
[WhiteFideId "2812320"]
[BlackFideId "24128066"]
[WhiteElo "2420"]
[BlackElo "2258"]
[Result "1-0"]
[Round "01"]
[TimeControl "180+1"]
[Date "2022.02.22"]
[WhiteClock "0:00:13"]
[BlackClock "0:00:09"]

1. Nc3 d5 2. d4 Nf6 3. Bf4 c5 4. e4 dxe4 5. dxc5 Bd7 6. Nge2 Nc6 7. Ng3 e5 8. Be3 Rc8 9. Ngxe4 Nxe4 10. Nxe4 Be7 11. Nd6+ Bxd6 12. Qxd6 Be6 13. Qxd8+ Rxd8 14. c3 O-O 15. Be2 f5 16. f3 a6 17. b4 Ne7 18. Bf2 f4 19. a4 Nf5 20. Rd1 Bb3 21. Ra1 Rfe8 22. O-O g5 23. Rfb1 Bc2 24. Rb2 Bd3 25. Re1 Bxe2 26. Rbxe2 Rd3 27. Rxe5 Rxe5 28. Rxe5 Ne3 29. Rxg5+ Kf7 30. Bxe3 fxe3 31. Kf1 Rxc3 32. Rh5 Kg6 33. Rd5 Rb3 34. Rd4 Rb2 35. Re4 Rb3 36. Ke2 Kf6 37. h4 Kg6 38. g4 Kf6 39. f4 Kg6 40. f5+ Kg7 41. Re7+ Kf6 42. Re6+ Kf7 43. Rb6 Ra3 44. Rxb7+ Kg8 45. b5 Rxa4 46. c6 axb5 47. c7 Rc4 48. Rb8+ Kg7 49. c8=Q Rxc8 50. Rxc8 1-0


[Site "https://www.chess.com"]

[Event "Titled Tuesday Blitz February 22 Early 2022"]
[White "Kollars, Dmitrij"]
[Black "Manukyan, Sargis A."]
[WhiteFideId "12909572"]
[BlackFideId "13303970"]
[WhiteElo "2584"]
[BlackElo "2187"]
[Result "1-0"]
[Round "01"]
[TimeControl "180+1"]
[Date "2022.02.22"]
[WhiteClock "0:01:39"]
[BlackClock "0:01:59"]

1. Nf3 d5 2. d4 e6 3. c4 Nf6 4. Nc3 Be7 5. g3 O-O 6. Bg2 dxc4 7. Ne5 Nc6 8. Bxc6 bxc6 9. Nxc6 Qe8 10. Nxe7+ Qxe7 11. Qa4 c5 12. dxc5 Qxc5 13. Be3 Qc7 14. f3 Bd7 15. Qa3 Qb7 16. O-O-O Bc6 17. Bd4 Nd5 18. Nxd5 exd5 19. Qc3 f6 20. g4 a5 21. g5 fxg5 22. Rhg1 h6 23. h4 Rf5 24. hxg5 Rxg5 25. Rxg5 hxg5 26. Qe3 a4 27. a3 Qb3 28. Qxg5 Ra7 29. Qd8+ Kf7 30. Bxa7 c3 31. Qc7+ Kg8 32. Qb8+ 1-0


[Site "https://www.chess.com"]

[Event "Titled Tuesday Blitz February 22 Early 2022"]
[White "Komiagina, Maria"]
[Black "Hardaway, Brewington"]
[WhiteFideId "4153987"]
[BlackFideId "30941849"]
[WhiteElo "1945"]
[BlackElo "1768"]
[Result "0-1"]
[Round "01"]
[TimeControl "180+1"]
[Date "2022.02.22"]
[WhiteClock "0:00:01"]
[BlackClock "0:00:46"]

1. e4 e5 2. Nf3 Nc6 3. Bb5 Nf6 4. d3 Bc5 5. h3 O-O 6. O-O d6 7. c3 a6 8. Ba4 b5 9. Bc2 Bb6 10. Re1 h6 11. a4 Bb7 12. Na3 b4 13. Nc4 bxc3 14. bxc3 Ba7 15. Rb1 Rb8 16. d4 exd4 17. cxd4 d5 18. e5 dxc4 19. exf6 Qxf6 20. d5 Nd4 21. Be4 c3 22. Be3 Nxf3+ 23. Bxf3 Bxe3 24. Rxe3 Ba8 25. Rxb8 Rxb8 26. Qc2 Qd6 27. Rxc3 Re8 28. Re3 Rxe3 29. fxe3 Bxd5 30. Bxd5 Qxd5 31. Qxc7 g6 32. a5 Kg7 33. Kh2 Qg5 34. Qc3+ Kh7 35. Kh1 h5 36. Kh2 Qf5 37. Qc4 Qf6 38. Kg1 Kg8 39. Kh2 Qe5+ 40. Kh1 Qxa5 41. e4 Qa1+ 42. Kh2 Qe5+ 43. Kh1 a5 44. Qc8+ Kg7 45. Qc4 Qe8 46. Qc3+ Kg8 47. Qxa5 Qxe4 48. Qd8+ Kg7 49. Kh2 Qe5+ 50. Kh1 Qf6 51. Qd5 g5 52. Kh2 Qf4+ 53. Kh1 Kg6 54. Qd3+ Qf5 55. Qd4 g4 56. hxg4 hxg4 57. g3 Qh5+ 58. Kg2 Qh3+ 59. Kf2 Qh2+ 60. Kf1 Qxg3 61. Qe4+ Kg5 62. Qd5+ Kg6 63. Qe4+ Kg7 64. Qd4+ f6 65. Qd7+ Kh6 66. Qe8 Qf3+ 67. Kg1 Qf5 68. Qh8+ Kg5 69. Qg7+ Qg6 70. Qd7 f5 71. Qe7+ Qf6 72. Qd7 f4 73. Qd5+ Kh4 74. Qc4 Qa1+ 0-1


[Site "https://www.chess.com"]

[Event "Titled Tuesday Blitz February 22 Early 2022"]
[White "Korchmar, Vasiliy"]
[Black "Nur-Mukhametova, Alisa"]
[WhiteFideId "24131750"]
[BlackFideId "54117739"]
[WhiteElo "2370"]
[BlackElo "2015"]
[Result "0-1"]
[Round "01"]
[TimeControl "180+1"]
[Date "2022.02.22"]
[WhiteClock "0:00:07"]
[BlackClock "0:00:26"]

1. d4 Nf6 2. Bf4 g6 3. Nc3 d5 4. e3 Bg7 5. h4 h6 6. Nf3 O-O 7. Ne5 c5 8. Qd2 Nc6 9. Bb5 cxd4 10. exd4 Bd7 11. Bxc6 Bxc6 12. Bxh6 Nd7 13. Nxc6 bxc6 14. h5 e5 15. hxg6 fxg6 16. Bxg7 Kxg7 17. Qh6+ Kf7 18. Qh7+ Kf6 19. O-O-O Rh8 20. dxe5+ Nxe5 21. Qb7 Qb6 22. Qxb6 axb6 23. f3 Nc4 24. Rde1 b5 25. b3 Rxh1 26. Rxh1 b4 27. Na4 Ne3 28. g3 Nf5 29. g4 Nd4 30. Kd1 Re8 31. Rh2 Nxf3 32. Rf2 Re1# 0-1


[Site "https://www.chess.com"]

[Event "Titled Tuesday Blitz February 22 Early 2022"]
[White "Korkmaz, Necmettin"]
[Black "Timofeev, Artyom"]
[WhiteFideId "6303285"]
[BlackFideId "4140419"]
[WhiteElo "2094"]
[BlackElo "2583"]
[Result "0-1"]
[Round "01"]
[TimeControl "180+1"]
[Date "2022.02.22"]
[WhiteClock "0:00:50"]
[BlackClock "0:01:20"]

1. e4 c5 2. Nf3 Nc6 3. Bb5 g6 4. Bxc6 dxc6 5. d3 Bg7 6. Nc3 Nf6 7. h3 Nd7 8. Be3 b6 9. Qd2 h6 10. O-O Nf8 11. d4 Ne6 12. d5 cxd5 13. exd5 Nc7 14. Rfe1 Bb7 15. Rad1 Qd7 16. d6 Ne6 17. dxe7 Qxd2 18. Nxd2 Kxe7 19. Nc4 Rhd8 20. Bf4 Bxc3 21. Rxd8 Bxe1 22. Rxa8 Bxa8 23. Bd6+ Ke8 24. Kf1 b5 25. Na3 Ba5 26. Nxb5 a6 27. Na3 Bd5 28. b3 Kd7 29. Be5 Bb4 30. Nb1 c4 31. Ke2 cxb3 32. axb3 Bxg2 33. h4 Be7 34. Bg3 Nd4+ 35. Kd3 Nf5 36. Nc3 Bxh4 37. Bxh4 Nxh4 38. Ke3 Nf5+ 39. Kf4 Nd4 0-1


[Site "https://www.chess.com"]

[Event "Titled Tuesday Blitz February 22 Early 2022"]
[White "Kornyukov, Alexey"]
[Black "Volkov, Maksim"]
[WhiteFideId "4150457"]
[BlackFideId "54123070"]
[WhiteElo "2303"]
[BlackElo "2081"]
[Result "0-1"]
[Round "01"]
[TimeControl "180+1"]
[Date "2022.02.22"]
[WhiteClock "0:00:42"]
[BlackClock "0:01:02"]

1. e4 c5 2. c3 Nf6 3. e5 Nd5 4. d4 cxd4 5. cxd4 d6 6. Nf3 Nc6 7. exd6 Qxd6 8. Nc3 e6 9. Bd3 Be7 10. O-O O-O 11. Nb5 Qd8 12. Nc3 b6 13. Qc2 f5 14. Nxd5 Qxd5 15. Bc4 Qd6 16. Rd1 Na5 17. Bb3 Bb7 18. Qe2 Nxb3 19. axb3 a5 20. Re1 Bd5 21. Ne5 Bxb3 22. Bf4 Qxd4 23. Nc6 Qxf4 24. Nxe7+ Kh8 25. Qh5 Qh6 26. Qf3 a4 27. Nc6 Bd5 28. Qc3 Rac8 29. Qb4 Bxc6 30. Qxb6 Qg6 31. g3 Qg4 32. Rxe6 Qf3 33. Kf1 Qh1+ 34. Ke2 Qxa1 35. Rxc6 Rxc6 36. Qxc6 Qxb2+ 37. Kf1 a3 38. Qd6 Rb8 39. Qe6 a2 0-1


[Site "https://www.chess.com"]

[Event "Titled Tuesday Blitz February 22 Early 2022"]
[White "Kostiukov, Alexandr"]
[Black "Ovetchkin, Roman"]
[WhiteFideId "14108100"]
[BlackFideId "4119991"]
[WhiteElo "2202"]
[BlackElo "2409"]
[Result "0-1"]
[Round "01"]
[TimeControl "180+1"]
[Date "2022.02.22"]
[WhiteClock "0:00:02"]
[BlackClock "0:00:32"]

1. g3 Nf6 2. Bg2 d5 3. d3 c6 4. e4 dxe4 5. dxe4 Qxd1+ 6. Kxd1 e5 7. f3 Bc5 8. Nd2 Be6 9. Bh3 Ke7 10. Bxe6 Kxe6 11. Nh3 h6 12. Ke2 Na6 13. c3 Nc7 14. b4 Be7 15. Nc4 b6 16. Be3 Nb5 17. Rhc1 Nd6 18. Nd2 g6 19. Nf2 Nd7 20. c4 Rhc8 21. Nd3 h5 22. h4 f5 23. a3 Nf6 24. Nf2 Nb7 25. f4 exf4 26. Bxf4 c5 27. exf5+ gxf5 28. b5 Na5 29. Rab1 Bd6 30. Bxd6 Kxd6 31. Nf3 Re8+ 32. Kd3 Rad8 33. Re1 Kc7+ 34. Kc3 Ne4+ 35. Nxe4 fxe4 36. Ng5 Rd3+ 37. Kc2 Nxc4 38. Rb3 Nxa3+ 39. Kb2 Nc4+ 40. Kc2 Na3+ 41. Kb2 Rxb3+ 42. Kxb3 Nxb5 43. Rxe4 Rxe4 44. Nxe4 Nd4+ 45. Kc4 Kc6 46. Nf6 b5+ 47. Kd3 Nf5 48. Nxh5 a5 0-1


[Site "https://www.chess.com"]

[Event "Titled Tuesday Blitz February 22 Early 2022"]
[White "Kovalenko, Igor"]
[Black "Kozak, Alexander"]
[WhiteFideId "14117908"]
[BlackFideId "4135881"]
[WhiteElo "2560"]
[BlackElo "2251"]
[Result "1-0"]
[Round "01"]
[TimeControl "180+1"]
[Date "2022.02.22"]
[WhiteClock "0:01:08"]
[BlackClock "0:00:59"]

1. d4 g6 2. e4 Bg7 3. Nf3 d6 4. h3 Nd7 5. Bc4 e5 6. c3 Ne7 7. Bxf7+ Kxf7 8. Ng5+ Kg8 9. Qb3+ d5 10. exd5 Nf6 11. d6+ Ned5 12. dxe5 Qe8 13. O-O Qxe5 14. c4 Nb6 15. dxc7 Be6 16. Nxe6 Qxe6 17. c5 Qxb3 18. axb3 Nc8 19. Nc3 Kf7 20. Rd1 Re8 21. b4 Ne4 22. Rd7+ Kg8 23. Rd8 Bxc3 24. Rxe8+ Kf7 25. Rxe4 Bf6 26. b5 Ne7 27. Rxe7+ Bxe7 28. Rxa7 Rc8 29. Rxb7 Bxc5 30. Be3 Bxe3 31. fxe3 Ke6 32. b6 1-0


[Site "https://www.chess.com"]

[Event "Titled Tuesday Blitz February 22 Early 2022"]
[White "Kozak, Adam"]
[Black "Kozelov, Roman"]
[WhiteFideId "753246"]
[BlackFideId "14133377"]
[WhiteElo "2459"]
[BlackElo "2160"]
[Result "1-0"]
[Round "01"]
[TimeControl "180+1"]
[Date "2022.02.22"]
[WhiteClock "0:01:29"]
[BlackClock "0:00:09"]

1. Nf3 Nf6 2. g3 b5 3. e3 Bb7 4. Bxb5 Nc6 5. d4 g6 6. Bf1 Bg7 7. Bg2 O-O 8. O-O Rb8 9. Nc3 d6 10. a3 e5 11. dxe5 dxe5 12. Qxd8 Rfxd8 13. b4 e4 14. Nd2 Nd5 15. Nxd5 Bxa1 16. Nxc7 f5 17. c4 Ne5 18. Ne6 Rd6 19. Nc5 Ba8 20. Ndb3 Bc3 21. Na4 Bxb4 22. axb4 Nxc4 23. Nd4 Rxb4 24. Nc3 a5 25. g4 Rdb6 26. gxf5 gxf5 27. Nxf5 a4 28. Ne7+ Kf7 29. Ned5 Bxd5 30. Nxd5 a3 31. Nxb6 Rxb6 32. Bxa3 Nxa3 33. Bxe4 Kg7 34. Rc1 Nb5 35. Bd3 Nd6 36. Rc7+ Kf6 37. Rxh7 Rb3 38. Rh6+ Ke7 39. Be2 Nf7 40. Rh7 Kf6 41. Rxf7+ 1-0


[Site "https://www.chess.com"]

[Event "Titled Tuesday Blitz February 22 Early 2022"]
[White "Krzywda, Andrzej"]
[Black "Kravtsiv, Martyn"]
[WhiteFideId "1114565"]
[BlackFideId "14113147"]
[WhiteElo "2098"]
[BlackElo "2694"]
[Result "0-1"]
[Round "01"]
[TimeControl "180+1"]
[Date "2022.02.22"]
[WhiteClock "0:00:08"]
[BlackClock "0:00:15"]

1. d4 Nf6 2. Nf3 b6 3. g3 Bb7 4. Bg2 e6 5. O-O c5 6. dxc5 bxc5 7. c4 Be7 8. Nc3 O-O 9. Qb3 Qb6 10. Qxb6 axb6 11. Bf4 d6 12. Rfd1 e5 13. Bg5 Rd8 14. Nb5 Na6 15. Nh4 Bxg2 16. Nxg2 Nb4 17. a3 Nc2 18. Rac1 Nd4 19. Nxd4 exd4 20. e3 h6 21. Bxf6 Bxf6 22. e4 Bg5 23. f4 Bf6 24. Ne1 Re8 25. Nd3 Rxe4 26. Re1 Re3 27. Rcd1 Rae8 28. Kf2 Kf8 29. b4 Ra8 30. Rxe3 dxe3+ 31. Kxe3 Rxa3 32. bxc5 dxc5 33. Rb1 Bd4+ 34. Ke2 Ra2+ 35. Kf3 Ra3 36. Ke2 Ra6 37. Kf3 f5 38. g4 Ra3 39. Ke2 fxg4 40. Rxb6 Ra2+ 41. Kf1 Rxh2 42. Rg6 Rd2 43. Ne5 Bxe5 44. fxe5 Rd4 45. e6 Rxc4 46. e7+ Kxe7 47. Rxg7+ Kf6 48. Rh7 Kg6 49. Rc7 Rc2 50. Kg1 h5 51. Rc8 h4 52. Rg8+ Kf5 53. Rf8+ Ke5 54. Kh1 c4 55. Kg1 c3 56. Kh1 Rd2 57. Re8+ Kd4 58. Rd8+ Kc4 59. Rc8+ Kd3 60. Rd8+ Ke2 61. Re8+ Kd1 62. Ra8 c2 63. Ra1+ c1=Q 64. Rxc1+ Kxc1 65. Kg1 g3 66. Kh1 Rh2+ 67. Kg1 Kc2 68. Kf1 Kd3 69. Kg1 Ke4 70. Kf1 Kf4 71. Kg1 Kf3 72. Kf1 Rh1# 0-1


[Site "https://www.chess.com"]

[Event "Titled Tuesday Blitz February 22 Early 2022"]
[White "Kuzmin, Roman"]
[Black "Guseinov, Gadir"]
[WhiteFideId "44134932"]
[BlackFideId "13401378"]
[WhiteElo "1978"]
[BlackElo "2581"]
[Result "0-1"]
[Round "01"]
[TimeControl "180+1"]
[Date "2022.02.22"]
[WhiteClock "0:00:26"]
[BlackClock "0:00:37"]

1. e4 c5 2. Nf3 d6 3. d4 cxd4 4. Nxd4 Nf6 5. Nc3 Nc6 6. Be2 g6 7. Be3 Bg7 8. Qd2 O-O 9. O-O-O d5 10. exd5 Nxd5 11. Nxc6 bxc6 12. Bd4 e5 13. Bc5 Be6 14. Ne4 Qc7 15. Bc4 Rfd8 16. Kb1 Rab8 17. Ng5 e4 18. Bb3 Bg4 19. Qc1 Bxd1 20. Rxd1 a6 21. Nxe4 a5 22. a4 Qxh2 23. g3 Qg2 24. Re1 Qf3 25. Re3 Nxe3 26. Qxe3 Qxe3 27. Bxe3 h6 28. Ka2 Rb7 29. Bd2 Re7 30. Bxa5 Ra8 0-1


[Site "https://www.chess.com"]

[Event "Titled Tuesday Blitz February 22 Early 2022"]
[White "Lakshmi C"]
[Black "Cherniaiev, Tykhon"]
[WhiteFideId "25035347"]
[BlackFideId "14182360"]
[WhiteElo "1775"]
[BlackElo "2289"]
[Result "0-1"]
[Round "01"]
[TimeControl "180+1"]
[Date "2022.02.22"]
[WhiteClock "0:00:01"]
[BlackClock "0:01:14"]

1. e4 c5 2. f4 d5 3. exd5 Qxd5 4. Nf3 Nf6 5. Nc3 Qd8 6. Bc4 Nc6 7. O-O e6 8. d3 Bd6 9. a4 O-O 10. Qe1 Re8 11. Bd2 e5 12. Qh4 exf4 13. Ng5 Ne5 14. Bxf4 Nxc4 15. dxc4 Bxf4 16. Rxf4 h6 17. Nf3 Be6 18. Rd1 Qe7 19. Rf1 Rad8 20. b3 Bc8 21. Qf2 Qe3 22. Qxe3 Rxe3 23. Nb5 a6 24. Nc7 Re7 25. Rxf6 gxf6 26. Nd5 Re2 27. c3 Kg7 28. Nh4 Be6 29. Nxf6 Rdd2 30. Nh5+ Kh8 31. Nf4 Re4 32. g3 Bg4 33. h3 Bd7 34. Nf3 Rd6 35. Rc1 b5 36. cxb5 axb5 37. a5 Bc6 38. Nh4 Bb7 39. Nf5 Rd2 40. b4 cxb4 41. cxb4 Rxb4 42. Nh5 Kh7 43. Nf4 Be4 44. Ne3 Rb1 45. Rxb1 Bxb1 46. Nf5 Bxf5 0-1


[Site "https://www.chess.com"]

[Event "Titled Tuesday Blitz February 22 Early 2022"]
[White "Lauridsen, Jesper Morch"]
[Black "Papp, Levente"]
[WhiteFideId "1401890"]
[BlackFideId "751243"]
[WhiteElo "2282"]
[BlackElo "2308"]
[Result "0-1"]
[Round "01"]
[TimeControl "180+1"]
[Date "2022.02.22"]
[WhiteClock "0:00:02"]
[BlackClock "0:00:44"]

1. e4 e6 2. d4 d5 3. Nc3 Bb4 4. e5 Ne7 5. a3 Bxc3+ 6. bxc3 b6 7. Nf3 Ba6 8. a4 Bxf1 9. Kxf1 Nbc6 10. Ba3 Na5 11. Nd2 Rc8 12. Qg4 Nf5 13. h4 Qd7 14. Bb4 Nb7 15. h5 a5 16. Ba3 Qxa4 17. h6 g6 18. Qg5 Qxc2 19. g4 Qxc3 20. Ra2 Kd7 21. gxf5 c5 22. fxe6+ fxe6 23. Qf6 Rhf8 24. Qg7+ Kc6 25. dxc5 Qd4 26. Rh2 Nxc5 27. Bxc5 bxc5 28. Nb3 Qd3+ 29. Kg2 Qxb3 30. Rxa5 Qf3+ 31. Kg1 Ra8 32. Rxa8 Rxa8 33. Qe7 Ra1# 0-1


[Site "https://www.chess.com"]